Chardon, neutral female sylph Wizard --- |.- --- |. --.-- |. |...--- -. -----.....---- .- |............| -..| |.. --....|..| |..| -- |.....---.| |..| ---.---.| |.| |.. |...| |.| |.| ---+-------------.-----.--- |.| |.-- |...............%..||.>.| |.| |..| -----....--------..--.--- |.| |..| +....|...aaa|.....| -.| ---- |.......%@@a|...--- .| -....|...aaa|...-- --- .......|---------..| ...........| |..| -....-----.. ---- |.. - ---- --- Chardon the Thaumaturge Experience level: 7 Strength: 10 Dexterity: 7 Constitution: 15 Intelligence: 19 Wisdom: 17 Charisma: 12 Health: 0(51) Energy: 109(109) Def: 1 Gold: 666 Moves: 2176 Dungeon seed: vXMLvygYvBT6cBGx Game ID: Chardon_1616684009 Your Inventory: Coins $ - 666 gold pieces Weapons a - a blessed +1 quarterstaff (weapon in hands) u - 3 +0 daggers Armor e - an uncursed +0 cloak of magic resistance (being worn) Spellbooks k - an uncursed spellbook of healing Potions m - an uncursed potion of extra healing s - an uncursed potion of confusion Rings S - an uncursed ring of shock resistance Z - a cursed ring of fire resistance Wands w - a wand of sleep (0:6) A - a wand of make invisible (0:3) D - a wand of magic missile (0:1) L - a cursed wand of enlightenment (0:13) M - a cursed wand of undead turning (0:3) P - a cursed wand of cold (0:3) V - a wand of fire (0:6) Tools z - an uncursed partly used wax candle (0:307) F - 4 uncursed wax candles (0:400) Gems q - an uncursed worthless piece of yellow glass r - an uncursed topaz y - 5 uncursed worthless pieces of white glass G - a cursed worthless piece of orange glass H - a cursed fluorite I - a cursed obsidian J - an uncursed worthless piece of green glass K - a cursed worthless piece of red glass N - 2 uncursed worthless pieces of black glass Y - an uncursed garnet Spells and supernatural/magical abilities: Name Level Category Fail Memory a - force bolt 1 attack 0% 90% h - healing 1 healing 0% 100% s - slow monster 1 enchantment 0% 90% O - create monster 2 clerical 12% 90% W - pray for help -- divine ? -- Your skills at the end: Miscellaneous Skills wands [Basic] Weapon Skills quarterstaff [Basic] Spellcasting Skills attack spells [Basic] enchantment spells [Basic] Final Attributes: You were devoutly aligned. You were magic-protected. Your writing hand was cramped from overuse. You saw invisible. You had infravision. You were displaced. You were very stealthy. You were protected from shape changers. You were lucky. You are dead. Vanquished creatures: a quantum mechanic a giant beetle a giant spider a gnome king 2 blue jellies a dust vortex a snake an imp a rock piercer a fog cloud 2 gnome lords a ghoul a kitten 7 dwarves 2 iguanas 2 rothes 4 orc zombies 3 killer bees 2 coyotes 2 hobbits a gecko a hobgoblin 4 giant rats a yellow mold 16 gnomes 7 jackals a fox a kobold 4 newts 2 goblins a grid bug 3 lichens a kobold zombie 80 creatures vanquished. Voluntary challenges: You followed a strict vegan diet. You did not cause conflict. You were not invisible. You did not have reflection. You used a wielded weapon 19 times, starting on turn 175. You did not apply a unicorn horn. You did not use plumbed fixtures. You did not drink any magical draughts. You read items or engraved 8 times, starting on turn 23. You never genocided any monsters. You never polymorphed an object. You never changed form. You used no wishes. You never split a pudding. You wrote Elbereth's name 4 times, starting on turn 1721. You never violated your personal moral code. Dungeon overview: The Dungeons of Doom: levels 1 to 3 Level 1 a long staircase Level 2 a general store Level 3 a general store stairs to The Gnomish Mines The Gnomish Mines: levels 4 to 8 Level 4 stairs to The Dungeons of Doom Level 5 Level 6 Level 7 <- You were here a temple to Thoth, a magic chest Level 8 History has recorded: On T:1 you entered the Dungeons of Doom to retrieve the Amulet of Yendor! On T:183 you reached level 2 of The Dungeons of Doom. On T:762 you reached level 3 of The Dungeons of Doom. On T:763 you advanced to experience level 2. On T:782 you prayed to Thoth. On T:1174 you reached level 1 of The Gnomish Mines. On T:1182 you advanced to experience level 3. On T:1185 you advanced to experience level 4. On T:1479 you reached level 2 of The Gnomish Mines. On T:1491 you advanced to experience level 5. On T:1506 you prayed to Thoth. On T:1719 you reached level 3 of The Gnomish Mines. On T:1722 you advanced to experience level 6. On T:1930 you reached level 4 of The Gnomish Mines. On T:1989 you entered the Minetown temple On T:2017 you opened a magic chest. On T:2063 you advanced to experience level 7. On T:2160 you prayed to Thoth. Score breakdown: Gold: 666 ( 66 points) Experience: 7 levels ( 600 points) Exploration: 8 levels ( 210 points) Discoveries: 11 items ( 550 points) Variety of kills: 33 monsters ( 1650 points) Major goal: reached Minetown ( 500 points) Survival: died (score multiplied by 3) Total score: 10728 Latest messages: You sense a conflict between Thoth and Ptah. You feel the power of Thoth increase. The altar glows gray. The priest of Ptah gets angry! The priest of Ptah wields a mace! The priest of Ptah kicks! The priest of Ptah casts a spell! The priest of Ptah summons insects! You try to draw healing from your surroundings, but you cannot feel the ground through the altar. You don't have that object. You make a motion towards the altar with your wand of fire. The voice of Thoth booms out: "How darest thou desecrate my altar!" You feel foolish! There is an altar to Thoth (neutral) here. You see here a cursed scroll labeled GARVEN DEH {5}. The priest of Ptah's wooden shield smoulders! The bolt of fire hits the priest of Ptah! The door is consumed in flames! The giant beetle bites! You die... Final status: Goodbye Chardon the Wizard, killed by a giant beetle... You died in The Gnomish Mines on dungeon level 7 with 10728 points, and 666 pieces of gold, after 2176 moves. You were level 7 with a maximum of 51 hit points when you died.